 Dungeon Crawl Stone Soup version 0.26-a0-43-g20b394cb32 (webtiles) character file.

Game seed: 7468288751067837822

117264 mecharm the Demon Slayer (level 16, -14/105 HPs)
             Began as a Gargoyle Fighter on June 3, 2020.
             Was a High Priest of the Shining One.
             Hit by a javelin thrown by a merfolk javelineer (21 damage)
             ... on level 2 of the Shoals.
             The game lasted 02:58:39 (24481 turns).

mecharm the Demon Slayer (Gargoyle Fighter)        Turns: 24481, Time: 02:58:40

Health: -14/105    AC: 41    Str: 31    XL:     16   Next: 73%
Magic:  37/37      EV: 10    Int: 15    God:    the Shining One [*****.]
Gold:   1651       SH: 26    Dex: 10    Spells: 12/15 levels left

rFire    x . .     SeeInvis .   A - +8 scimitar (flame)
rCold    + + .     Gourm    .   x - +0 kite shield "Doerek" {MR+} (curse)
rNeg     + + +     Faith    +   t - +5 ice dragon scales {wear me}
rPois    ∞         Spirit   .   T - +3 hat of Pondering {ponderous, MR+ MP+10 Int+5}
rElec    +         Reflect  .   W - +1 cloak
rCorr    .         Harm     .   z - +0 pair of gloves
MR       ++++.                  a - +1 pair of boots {Fly}
Stlth    ..........             g - amulet of faith
HPRegen  0.27/turn              h - +6 ring of strength
MPRegen  0.25/turn              D - ring of protection from magic

@: divine shield, flying, very slightly contaminated, glowing, slow
A: big wings, negative energy resistance 1, electricity resistance, unbreathing,
petrification resistance, rot immunity, AC +12
a: Stop Flying, Divine Shield, Cleansing Flame, Summon Divine Warrior, Renounce
Religion


You were on level 2 of the Shoals.
You worshipped the Shining One.
The Shining One was extremely pleased with you.
You were not hungry.

You visited 4 branches of the dungeon, and saw 24 of its levels.

You collected 1784 gold pieces.
You spent 133 gold pieces at shops.

Inventory:

Hand Weapons
 n - a +1 long sword of holy wrath {*collect me*}
 A - a +8 scimitar of flaming (weapon)
 F - a +2 mace of holy wrath {don't train*collect me*}
 I - a +2 hand axe of holy wrath {don't train}
 O - the +7 great sword of the Eleven Runes {freeze, rF- MR+ Dex+4 SInv, unknown}
   (You found it on level 3 of the Lair of Beasts)

   It has been specially enchanted to freeze those struck by it, causing extra
   injury to most foes and up to half again as much damage against particularly
   susceptible opponents.
   It can also slow down cold-blooded creatures.
   It affects your dexterity (+4).
   It makes you vulnerable to fire.
   It affects your resistance to hostile enchantments.
   It lets you see invisible.
Missiles
 u - a silver javelin (quivered) {don't train}
Armour
 a - a +1 pair of boots of flying (worn)
 t - +5 ice dragon scales (worn) {wear me}
 x - the cursed +0 kite shield "Doerek" (worn) {MR+}
   (You found it on level 4 of the Lair of Beasts)

   It affects your resistance to hostile enchantments.
   It has a curse placed upon it.
 z - a +0 pair of gloves (worn)
 T - the +3 hat of Pondering (worn) {ponderous, MR+ MP+10 Int+5}
   (You took it off Gastronok on level 1 of the Lair of Beasts)

   It affects your intelligence (+5).
   It affects your resistance to hostile enchantments.
   It affects your magic capacity (+10).
 W - a +1 cloak (worn)
Jewellery
 g - an amulet of faith (around neck)
 h - a +6 ring of strength (left hand)
 i - an uncursed amulet of reflection {unknown}
 o - an uncursed amulet of regeneration
 D - a ring of protection from magic (right hand)
 J - a +4 ring of protection
 N - an uncursed ring of resist corrosion
Wands
 b - a wand of enslavement (24)
 m - a wand of polymorph (5)
 E - a wand of iceblast (28)
 H - a wand of acid (21)
 L - a wand of flame (24)
Scrolls
 d - a scroll of immolation {unknown}
 k - 6 scrolls of remove curse
 p - 3 scrolls of fear {unknown}
 r - 2 scrolls of vulnerability {unknown}
 s - 3 scrolls of random uselessness {unknown}
 y - 2 scrolls of magic mapping
 B - 2 scrolls of teleportation
 C - 2 scrolls of silence
 K - 2 scrolls of holy word
 M - a scroll of summoning {unknown}
Potions
 c - a potion of lignification {unknown}
 e - a potion of degeneration {unknown}
 j - 11 potions of curing
 l - 2 potions of mutation
 P - a potion of magic {unknown}
 Q - a potion of brilliance {unknown}
 R - 2 potions of resistance
 S - a potion of ambrosia {unknown}
 V - a potion of cancellation
 X - a potion of berserk rage {unknown}
Miscellaneous
 v - a box of beasts
 w - a phial of floods
 G - a tin of tremorstones (3/3) {don't train}
 U - a tin of tremorstones (3/3) {don't train}
Comestibles
 f - 27 rations


   Skills:
 + Level 13.9 Fighting
 + Level 12.2 Long Blades
 + Level 13.8 Armour
 - Level 0.2 Dodging
 + Level 13.9 Shields
 - Level 6.1 Charms
 * Level 14.7 Invocations


You had 12 spell levels left.
You knew the following spells:

 Your Spells              Type           Power        Failure   Level  Hunger
a - Infusion              Chrm           ###.         4%          1    ##.....
b - Song of Slaying       Chrm           ###.....     7%          2    ###....

Your spell library contained the following spells:

 Spells                   Type           Power        Failure   Level  Hunger
 Shroud of Golubria       Chrm/Tloc      #.....       24%         2    ###....
 Swiftness                Chrm/Air       #.......     24%         2    ###....
 Ozocubu's Armour         Chrm/Ice       #.......     43%         3    ####...
 Spectral Weapon          Hex/Chrm       #.......     43%         3    ####...
 Beastly Appendage        Tmut           #.....       50%         1    ##.....
 Shock                    Conj/Air       #...         50%         1    ##.....
 Sting                    Tmut/Pois      #...         50%         1    ##.....
 Passwall                 Tmut/Erth      #.......     65%         2    ###....
 Poisonous Vapours        Pois/Air       #.....       65%         2    ###....
 Sticks to Snakes         Tmut           #.......     65%         2    ###....
 Confusing Touch          Hex            #.......     86%         3    ####...
 Gell's Gravitas          Tloc           #.........   86%         3    ####...
 Ignite Poison            Fire/Tmut/Pois #.......     86%         3    ####...
 Mephitic Cloud           Conj/Pois/Air  #.......     86%         3    ####...
 Recall                   Summ/Tloc      N/A          86%         3    ####...
 Spider Form              Tmut/Pois      #.........   86%         3    ####...
 Static Discharge         Conj/Air       #.......     86%         3    ####...
 Airstrike                Air            #.........   99%         4    #####..
 Ice Form                 Ice/Tmut       #.......     99%         4    #####..
 Olgreb's Toxic Radiance  Pois           #.......     99%         4    #####..
 Passage of Golubria      Tloc           N/A          99%         4    #####..
 Petrify                  Tmut/Erth      #.......     99%         4    #####..
 Blade Hands              Tmut           #.........   100%        5    ######.
 Fireball                 Conj/Fire      #.........   100%        5    ######.
 Lee's Rapid Deconstruct  Erth           #.........   100%        5    ######.
 Lightning Bolt           Conj/Air       #.........   100%        5    ######.
 Metabolic Englaciation   Hex/Ice        #.........   100%        5    ######.
 Yara's Violent Unravell  Hex/Tmut       #.........   100%        5    ######.
 Darkness                 Hex            #.........   100%        6    #######
 Invisibility             Hex            #.......     100%        6    #######
 Starburst                Conj/Fire      #.........   100%        6    #######
 Ring of Flames           Chrm/Fire      #.........   100%        7    #######
 Ignition                 Fire           #.........   100%        8    #######


Dungeon Overview and Level Annotations

Branches:
Dungeon (15/15)            Temple (1/1) D:5            Lair (6/6) D:9
 Shoals (2/4) Lair:2        Snake (0/4) Lair:2        Slime (0/5) Lair:6
    Orc (0/2) D:9          Vaults (0/5) D:14         Depths (0/5) D:15

Altars:
Ashenzari
Dithmenos
Elyvilon
Gozag
Kikubaaqudgha
Makhleb
Nemelex Xobeh
Okawaru
Ru
Sif Muna
Trog
Uskayaw
Vehumet
Xom
Yredelemnul
Zin
The Shining One
Jiyva

Shops:
D:8 %%=?   D:10 :

Portals:
Abyss: D:8

Annotations:
D:2 1 runed translucent door, Crazy Yiuf
D:8 2 transporters, ahoss's ghost, novice CeFi
D:12 2 transporters, iamserjio's ghost, journeyman OpCK
Shoals:2 Ilsuiw; Polyphemus


Innate Abilities, Weirdness & Mutations

You are resistant to torment.
Your stone body is resilient. (AC +12)
You are immune to poison.
Your large and strong wings let you fly indefinitely.
You resist negative energy. (rN+)
You are resistant to electric shocks. (rElec)
You can survive without breathing.
You are immune to petrification.
You are immune to rotting.


Message History

You hear a splash.
You block the merfolk's attack.
You slash the merfolk javelineer! You burn the merfolk javelineer.
The merfolk javelineer is moderately wounded.
The merfolk javelineer throws a javelin.
The javelin barely misses you.
You closely miss the merfolk javelineer.
The merfolk javelineer is moderately wounded.
You block the merfolk's attack.
The merfolk javelineer throws a javelin.
The javelin pierces through you but does no damage.
You hear a splash.
You hit the merfolk javelineer. You burn the merfolk javelineer.
The merfolk javelineer is moderately wounded.
You block the merfolk's attack.
You slice the merfolk javelineer!! You burn the merfolk javelineer.
The merfolk javelineer is severely wounded.
The merfolk javelineer throws a javelin.
The javelin pierces through you!!
You die...

≈≈≈≈≈≈≈≈≈≈≈≈≈#
≈≈≈≈≈≈≈≈≈≈≈≈≈≈#
≈≈≈≈≈≈≈≈≈≈≈≈≈≈#
≈≈≈≈≈≈≈≈≈≈≈≈≈≈#
≈≈≈≈≈≈≈≈≈≈≈≈≈≈#
≈≈≈≈≈≈≈≈≈≈≈≈≈≈#
≈≈≈≈≈≈≈≈≈≈≈≈≈≈#
≈≈≈≈≈≈≈≈≈≈≈≈≈≈#
≈≈≈≈≈≈H@≈≈≈≈≈≈#
≈≈.≈≈≈mm≈≈≈≈≈≈#
≈).≈(≈≈≈≈≈≈≈≈≈#
...≈≈≈≈≈≈≈≈≈≈≈#
....≈≈≈≈≈≈≈≈≈≈#
..#..≈≈≈≈≈≈≈≈≈#
. ...≈≈≈≈≈≈≈≈≈#
..≈≈.≈≈≈≈≈≈≈≈#


You could see a merfolk javelineer, a merfolk and a manticore.

Vanquished Creatures
  Gastronok (Lair:1)
  A fire giant (shapeshifter) (D:15)
  An ironheart preserver (D:14)
  A merfolk impaler (Shoals:2)
  Snorg (D:12)
  Josephine (D:11)
  An ogre mage (D:15)
  A rakshasa (D:15)
  Harold (D:7)
  7 hydras
  3 catoblepae (Lair:6)
  Erica (D:8)
  2 merfolk avatars (Shoals:1)
  4 centaur warriors
  8 two-headed ogres
  6 death yaks (Lair:6)
  A merfolk aquamancer (Shoals:1)
  Urug (D:12)
  Nergalle (D:11)
  10 skeletal warriors
  Sonja (D:13)
  7 unseen horrors
  6 sea snakes
  Pikel (D:7)
  A deep elf mage (D:15)
  A phantasmal warrior (D:15)
  An orb spider (shapeshifter) (D:15)
  A necromancer (D:15)
  4 fauns (Shoals:1)
  6 ugly things
  A wolf spider zombie (D:15)
  15 manticores
  2 centaur zombies (D:15)
  2 cyclopes (Shoals:1)
  14 elephants
  5 merfolk sirens
  Maurice (D:9)
  A frost giant skeleton (D:15)
  3 black mambas
  A moth of wrath (shapeshifter) (D:14)
  A water nymph (Shoals:2)
  5 gargoyles
  19 spiny frogs
  A yaktaur zombie (D:15)
  A kobold demonologist (D:15)
  3 rime drakes
  2 komodo dragons
  2 tengu conjurers (D:15)
  4 trolls
  9 merfolk (Shoals:1)
  2 polar bears (Lair:6)
  2 wind drakes
  A hornet (D:12)
  Prince Ribbit (D:6)
  26 blink frogs
  11 dream sheep
  A fire dragon zombie (D:15)
  13 hippogriffs
  3 snapping turtles
  Sigmund (D:4)
  A shadow (D:13)
  6 wraiths
  2 water elementals (Shoals:1)
  2 basilisks
  58 yaks
  5 humans (D:10)
  A wyvern (Lair:3)
  Grum (D:8)
  3 hungry ghosts
  A steam dragon (D:7)
  A human zombie (D:15)
  3 wargs (D:9)
  4 nagas (Lair:2)
  10 water moccasins
  14 porcupines
  6 ice beasts
  2 black bears
  2 phantoms
  11 orc warriors
  4 sky beasts
  A hornet zombie (D:13)
  A necrophage (D:11)
  8 ogres
  16 wolves
  14 centaurs
  Blork the orc (D:6)
  17 crocodiles
  A wyvern zombie (D:14)
  18 bullfrogs
  8 scorpions
  4 killer bees (D:8)
  2 howler monkeys (D:8)
  12 wights
  7 crimson imps
  2 bullfrog zombies
  16 orc priests
  3 bullfrog skeletons
  6 jellies
  7 centaur skeletons
  A gnoll shaman (D:4)
  4 hounds
  3 iguanas
  7 hell rats (Lair:5)
  15 orc wizards
  10 worker ants
  3 hound zombies
  A hound skeleton (D:7)
  A worker ant zombie (D:6)
  6 gnolls
  19 adders
  A howler monkey skeleton (D:10)
  9 oozes
  An adder zombie (D:8)
  4 worms
  3 dart slugs
  5 leopard geckos
  49 orcs
  A ball python (D:2)
  9 bats
  4 giant cockroaches
  5 goblins
  6 hobgoblins
  9 jackals
  3 quokkas
  3 frilled lizards
  6 kobolds (D:1)
  A leopard gecko skeleton (D:4)
  A quokka skeleton (D:5)
  7 rats
  4 plants
717 creatures vanquished.

Vanquished Creatures (collateral kills)
  A merfolk avatar (Shoals:1)
  A sea snake (Shoals:1)
  A merfolk siren (Shoals:1)
  6 merfolk (Shoals:1)
  A hippogriff (Shoals:1)
10 creatures vanquished.

Vanquished Creatures (others)
  A wraith (D:11)
  A jelly (D:7)
  A bush (Lair:6)
  5 fungi
  9 plants
  A withered plant (D:15)
18 creatures vanquished.

Grand Total: 745 creatures vanquished

Notes
Turn   | Place    | Note
-------+----------+-------------------------------------------
     0 | D:1      | mecharm the Gargoyle Fighter began the quest for the Orb.
     0 | D:1      | Reached XP level 1. HP: 14/14 MP: 1/1
   113 | D:1      | Reached XP level 2. HP: 19/19 MP: 2/2
   812 | D:1      | Found a glowing silver altar of Zin.
   856 | D:2      | Reached XP level 3. HP: 15/23 MP: 3/3
  1102 | D:2      | Found a faded altar of an unknown god.
  1519 | D:2      | Reached XP level 4. HP: 26/29 MP: 4/4
  2040 | D:2      | Found a runed translucent door.
  2041 | D:2      | Noticed Crazy Yiuf
  2119 | D:2      | Reached XP level 5. HP: 27/33 MP: 5/5
  2700 | D:3      | Found an iron altar of Okawaru.
  3010 | D:3      | Reached XP level 6. HP: 27/39 MP: 6/6
  4283 | D:4      | Noticed Sigmund
  4291 | D:4      | Killed Sigmund
  4291 | D:4      | Reached skill level 5 in Fighting
  4291 | D:4      | Reached skill level 5 in Armour
  4291 | D:4      | Reached skill level 5 in Shields
  4291 | D:4      | Reached XP level 7. HP: 44/44 MP: 7/7
  4948 | D:5      | Entered Level 5 of the Dungeon
  5149 | D:5      | Found a staircase to the Ecumenical Temple.
  5169 | Temple   | Entered the Ecumenical Temple
  5181 | Temple   | Became a worshipper of the Shining One
  5413 | D:5      | Reached XP level 8. HP: 51/51 MP: 8/8
  5989 | D:6      | Reached skill level 5 in Long Blades
  6025 | D:6      | Reached * piety under the Shining One
  6071 | D:6      | Noticed Blork the orc
  6079 | D:6      | Killed Blork the orc
  6181 | D:6      | Noticed Prince Ribbit
  6301 | D:6      | Killed Prince Ribbit
  6301 | D:6      | Reached XP level 9. HP: 53/57 MP: 9/9
  6841 | D:7      | Noticed Pikel
  6868 | D:7      | HP: 2/57 [Pikel/+2 whip of freezing (4)]
  6873 | D:7      | Killed Pikel
  7162 | D:7      | Noticed Harold
  7187 | D:7      | Killed Harold
  7187 | D:7      | Reached XP level 10. HP: 57/65 MP: 10/10
  7362 | D:7      | Found a bloodstained altar of Trog.
  7464 | D:7      | Found a glowing golden altar of the Shining One.
  7780 | D:8      | Noticed a thrashing horror
  7784 | D:8      | Found a one-way gate to the infinite horrors of the Abyss.
  7785 | D:8      | Reached ** piety under the Shining One
  7790 | D:8      | Noticed ahoss's ghost (novice CeFi)
  7866 | D:8      | Found Qolel's Jewellery Boutique.
  8044 | D:8      | Found Guodeasm's Food Shop.
  8047 | D:8      | Noticed Erica
  8048 | D:8      | Found a transporter.
  8067 | D:8      | Killed Erica
  8218 | D:8      | Found a transporter.
  8251 | D:8      | Found Utolyer's Food Boutique.
  8262 | D:8      | Got a bone morningstar {don't train}
  8460 | D:8      | Found Notekez's Magic Scroll Boutique.
  8477 | D:8      | Bought a scroll of enchant weapon for 105 gold pieces
  8477 | D:8      | Bought a scroll of identify for 28 gold pieces
  8501 | D:8      | Noticed Grum
  8520 | D:8      | Killed Grum
  8750 | D:9      | Reached XP level 11. HP: 71/71 MP: 11/11
  8845 | D:9      | Found a staircase to the Lair.
  8862 | D:9      | Reached skill level 1 in Invocations
  8864 | D:9      | Reached *** piety under the Shining One
  9038 | D:9      | Noticed Maurice
  9049 | D:9      | Killed Maurice
  9066 | D:9      | Learned a level 1 spell: Infusion
  9206 | D:9      | Reached skill level 2 in Invocations
  9366 | D:9      | Found a staircase to the Orcish Mines.
  9427 | D:10     | Entered Level 10 of the Dungeon
  9454 | D:10     | Noticed an unseen horror
  9463 | D:10     | Killed an unseen horror
  9463 | D:10     | Reached skill level 1 in Charms
  9463 | D:10     | Reached skill level 3 in Invocations
  9674 | D:10     | Noticed a two-headed ogre
  9678 | D:10     | Found Hisoty's Book Emporium.
  9680 | D:10     | Killed a two-headed ogre
  9680 | D:10     | Reached skill level 10 in Fighting
  9680 | D:10     | Reached skill level 10 in Shields
  9680 | D:10     | Reached skill level 4 in Invocations
  9795 | D:10     | Reached skill level 10 in Armour
  9920 | D:10     | Reached **** piety under the Shining One
 10088 | D:11     | Noticed Nergalle
 10096 | D:11     | Killed Nergalle
 10145 | D:11     | Noticed Josephine
 10148 | D:11     | Reached skill level 5 in Invocations
 10152 | D:11     | Noticed a two-headed ogre
 10154 | D:11     | Reached XP level 12. HP: 62/77 MP: 7/15
 10166 | D:11     | Noticed a two-headed ogre
 10185 | D:11     | HP: 1/77 [two-headed ogre/+0 giant club (10)]
 10306 | D:12     | Killed a two-headed ogre
 10361 | D:11     | Reached skill level 6 in Invocations
 10377 | D:11     | Killed a two-headed ogre
 10440 | D:11     | Killed Josephine
 10566 | D:11     | Learned a level 2 spell: Song of Slaying
 10889 | D:11     | Noticed a five-headed hydra
 10898 | D:11     | Killed a one-headed hydra
 10898 | D:11     | Reached skill level 7 in Invocations
 11241 | D:12     | Noticed Snorg
 11248 | D:12     | Killed Snorg
 11249 | D:12     | Found a shimmering altar of Xom.
 11419 | D:12     | Noticed Urug
 11435 | D:12     | Killed Urug
 11521 | D:12     | Reached skill level 8 in Invocations
 11521 | D:12     | Reached XP level 13. HP: 84/84 MP: 17/19
 11827 | D:12     | Found a transporter.
 11839 | D:12     | Found a transporter.
 11845 | D:12     | Noticed iamserjio's ghost (journeyman OpCK)
 12148 | D:13     | Noticed Sonja
 12160 | D:13     | Killed Sonja
 12682 | D:14     | Found Ziexeobb's General Store.
 12777 | D:14     | Reached skill level 10 in Long Blades
 12777 | D:14     | Reached skill level 5 in Charms
 12784 | D:14     | Reached skill level 9 in Invocations
 13021 | D:14     | Found a gate to the Vaults.
 13021 | D:14     | Noticed an ironheart preserver
 13058 | D:14     | Killed an ironheart preserver
 13355 | D:14     | Reached skill level 10 in Invocations
 13761 | D:14     | Identified the Disquisition on Translocation
 13931 | D:15     | Entered Level 15 of the Dungeon
 13932 | D:15     | Found a staircase to the Depths.
 13948 | D:15     | Gained mutation: Your large and strong wings let you fly
                  | indefinitely. [Gargoyle growth]
 13948 | D:15     | Reached XP level 14. HP: 87/91 MP: 19/21
 13988 | D:15     | Reached ***** piety under the Shining One
 14666 | D:15     | Reached skill level 11 in Invocations
 15005 | D:15     | Noticed a fire giant
 15013 | D:15     | Killed a fire giant
 15577 | Lair:1   | Entered Level 1 of the Lair of Beasts
 15645 | Lair:1   | Noticed Gastronok
 15666 | Lair:1   | Killed Gastronok
 16436 | Lair:2   | Reached skill level 12 in Invocations
 16533 | Lair:2   | Reached XP level 15. HP: 97/97 MP: 24/24
 16613 | Lair:2   | Found a staircase to the Snake Pit.
 17023 | Lair:2   | Found a staircase to the Shoals.
 17652 | Lair:3   | Got a polished great sword
 19064 | Lair:4   | Got an encrusted kite shield
 19075 | Lair:4   | Identified the cursed +0 kite shield "Doerek" {MR+} (You
                  | found it on level 4 of the Lair of Beasts)
 19826 | Lair:5   | Reached skill level 13 in Invocations
 20361 | Lair:6   | Entered Level 6 of the Lair of Beasts
 20722 | Lair:6   | Found a runed translucent door.
 20722 | Lair:6   | Found a viscous altar of Jiyva.
 20722 | Lair:6   | Found a staircase to the Slime Pits.
 20857 | Lair:6   | Reached ****** piety under the Shining One
 20932 | Lair:6   | Reached XP level 16. HP: 54/104 MP: 26/26
 21423 | Lair:6   | Identified a glowing hand axe {don't train} (a hand axe
                  | {don't train} blessed by the Shining One)
 21423 | Lair:6   | Received a gift from the Shining One
 21484 | Lair:6   | Reached skill level 14 in Invocations
 22082 | Shoals:1 | Entered Level 1 of the Shoals
 24101 | Shoals:2 | Noticed Polyphemus
 24438 | Shoals:2 | Noticed Ilsuiw
 24481 | Shoals:2 | Hit by a javelin thrown by a merfolk javelineer

Illustrated notes

Levels and vault maps discovered:
D:1:      dpeg_arrival_water_altar, layout_basic
D:2:      layout_basic, chequers_ecumenical_altar_simple,
          uniq_crazy_yiuf_cottage
D:3:      layout_basic, overflow_temple_1_default
D:4:      layout_basic, first_ration, uniq_sigmund
D:5:      layout_basic, minmay_temple_entry_arrows
D:6:      layout_basic, uniq_blork_the_orc, uniq_prince_ribbit1
D:7:      layout_gridville, basic_altar, trog_three_pillars_becter, uniq_pikel,
          uniq_harold
D:8:      layout_loops_corners, gammafunk_ghost_abyssal_escape, serial_shops,
          shop, nicolae_shop_statue_plus, nicolae_shop_stone, shop, uniq_erica,
          uniq_grum
D:9:      layout_rooms, erik_lair_orcish_takeover, david_orc_4,
          hangedman_little_slice_of_home, uniq_maurice
D:10:     layout_gridville, serial_shops, shop, minmay_ruffians
D:11:     layout_basic, serial_bayou_pond_c, uniq_nergalle, uniq_josephine
D:12:     layout_roguey, gammafunk_ghost_hive, serial_rivers,
          chequers_serial_rivers_small_3, chequers_serial_rivers_micro_d,
          chequers_serial_rivers_small_3, chequers_serial_rivers_room_a,
          chequers_serial_rivers_large_a, basic_altar, uniq_snorg, uniq_urug
D:13:     layout_cave_pools, minivault_20, uniq_sonja
D:14:     layout_grid_maze, skrybe_vaults_entry_preservation, serial_shops, shop
D:15:     gammafunk_depths_entry_grave, layout_layer_cave, serial_park_tiny_2
Temple:   dpeg_three_leaves_temple
Lair:1:   layout_gridlike, st_stairs_12, serial_bayou_shore_a,
          grunt_megastairs_2, uniq_gastronok
Lair:2:   layout_cave_shapes, minmay_shoals_entry_lonely_mermaid,
          minmay_snake_entry_guardpost_small, grunt_megastairs_1
Lair:3:   layout_hall_layers, serial_forest, infiniplex_forest_lined_room_2,
          infiniplex_forest_clump_long, infiniplex_forest_lined_corner,
          infiniplex_forest_join, infiniplex_forest_corner_1,
          infiniplex_forest_clump_cross, infiniplex_forest_clump_curved,
          beast_lair_carwin_9
Lair:4:   layout_cave_pods
Lair:5:   layout_roguey
Lair:6:   evilmike_catoblepas_cave, layout_long_grid, slime_altar_2,
          gauntlet_entry_generic, grunt_megastairs_5
Shoals:1: layout_shoals, nicolae_shoals_flooded_hall
Shoals:2: layout_shoals, nicolae_shoals_arrival_archipelago, uniq_ilsuiw,
          uniq_polyphemus

Skill      XL: |  1  2  3  4  5  6  7  8  9 10 11 12 13 14 15 16 |
---------------+-------------------------------------------------+-----
Long Blades    | 2 3 4 5 6 8 9 10 11 12 | 12.2
Shields        | 4 5 7 8 9 10 11 12 13 | 13.9
Armour         | 4 5 7 8 9 10 11 12 13 | 13.8
Fighting       | 4 5 7 8 9 10 11 12 13 | 13.9
Invocations    | 5 8 10 12 13 14 | 14.7
Charms         | 2 4 5 6 |  6.1
Dodging        | |  0.2

Action                   |  1- 3 |  4- 6 |  7- 9 | 10-12 | 13-15 | 16-18 || total
-------------------------+-------+-------+-------+-------+-------+-------++-------
Melee: Long sword        |   137 |   165 |   344 |    93 |       |       ||   739
       Scimitar          |       |       |       |   410 |  1001 |   345 ||  1756
Throw: Javelin           |       |       |    14 |    11 |    17 |     2 ||    44
       Boomerang         |       |       |     1 |       |       |       ||     1
 Cast: Song of Slaying   |       |       |       |     1 |    11 |     3 ||    15
       Infusion          |       |       |       |     1 |       |       ||     1
Invok: Divine Shield     |       |       |       |    10 |    15 |    10 ||    35
       Cleansing Flame   |       |       |       |     4 |     1 |       ||     5
       Summon Divine War |       |       |       |       |       |     2 ||     2
       Brand Weapon With |       |       |       |       |       |     1 ||     1
 Abil: Fly               |       |       |       |       |     2 |       ||     2
       Stop Flying       |       |       |       |       |     1 |       ||     1
Evoke: Wand              |       |     2 |     6 |     1 |     2 |     1 ||    12
       Tin of tremorston |       |       |       |     4 |     6 |       ||    10
       Box of beasts     |       |       |       |       |     1 |       ||     1
  Use: Potion            |       |     1 |     5 |     2 |     3 |     5 ||    16
       Scroll            |       |     4 |     5 |     6 |    18 |     5 ||    38
 Stab: Paralysed         |       |     3 |       |       |       |       ||     3
  Eat: Chunk             |     2 |     9 |    10 |    16 |    24 |    11 ||    72
       Ration            |       |       |       |     1 |     3 |     2 ||     6
Armor: Scale mail        |    88 |    59 |       |       |       |       ||   147
       Ice dragon scales |       |   100 |   184 |   251 |   598 |   351 ||  1484
       Chain mail        |       |    25 |       |       |       |       ||    25
       Skin              |       |       |       |     1 |       |       ||     1
Dodge: Dodged            |    52 |    54 |   104 |   139 |   271 |   118 ||   738
Block: Kite shield       |    83 |    89 |   199 |   384 |   980 |   330 ||  2065
       Other             |       |       |       |     4 |       |       ||     4
       Rpst.: Long sword |    13 |    11 |    35 |     5 |       |       ||    64
       Scimitar          |       |       |       |    29 |    64 |    18 ||   111

Table legend:
 A = Non-vault XP
 B = Vault XP
 C = Vault XP percentage of total XP
 D = Non-vault monster count
 E = Vault monster count
 F = Vault count percentage of total count
                 A         B        C        D         E       F
            +---------+---------+-------+---------+---------+-------
      Total |  121876 |   45644 |  27.2 |     590 |     135 |  18.6
            +---------+---------+-------+---------+---------+-------
        D:1 |      27 |       0 |   0.0 |      16 |       0 |   0.0
        D:2 |     182 |       0 |   0.0 |      32 |       0 |   0.0
        D:3 |     186 |       0 |   0.0 |      18 |       0 |   0.0
        D:4 |     121 |     227 |  65.2 |      11 |       1 |   8.3
        D:5 |     635 |       0 |   0.0 |      24 |       0 |   0.0
        D:6 |     938 |     377 |  28.7 |      14 |       2 |  12.5
        D:7 |    1351 |    1665 |  55.2 |      27 |       2 |   6.9
        D:8 |    1525 |    1364 |  47.2 |      38 |       4 |   9.5
        D:9 |    1556 |    2021 |  56.5 |      20 |      32 |  61.5
       D:10 |    3764 |     986 |  20.8 |      21 |       5 |  19.2
       D:11 |    5503 |    2891 |  34.4 |      25 |       7 |  21.9
       D:12 |    5660 |    1954 |  25.7 |      29 |       2 |   6.5
       D:13 |    2629 |    1555 |  37.2 |      13 |       3 |  18.8
       D:14 |   11670 |    4817 |  29.2 |      36 |       9 |  20.0
       D:15 |   20665 |    4066 |  16.4 |      38 |       8 |  17.4
     Lair:1 |    4242 |    2361 |  35.8 |      24 |       3 |  11.1
     Lair:2 |    4491 |    1957 |  30.4 |      22 |       7 |  24.1
     Lair:3 |    5734 |    1527 |  21.0 |      25 |       7 |  21.9
     Lair:4 |    7847 |       0 |   0.0 |      30 |       0 |   0.0
     Lair:5 |    3600 |       0 |   0.0 |      21 |       0 |   0.0
     Lair:6 |   17038 |   13947 |  45.0 |      54 |      32 |  37.2
   Shoals:1 |   15221 |    3929 |  20.5 |      39 |      11 |  22.0
   Shoals:2 |    7291 |       0 |   0.0 |      13 |       0 |   0.0
            +---------+---------+-------+---------+---------+-------
